 Dungeon Crawl Stone Soup version 0.22.1-2-g9c5b331383 (webtiles) character file.

38728 SpaceYeku the Unseen (level 13, -3/64 HPs)
             Began as a Felid Berserker on Dec 16, 2018.
             Was a Priest of Trog.
             Slain by a jumping spider (16 damage)
             ... on level 1 of the Spider Nest.
             The game lasted 01:29:14 (27720 turns).

SpaceYeku the Unseen (Felid Berserker)             Turns: 27720, Time: 01:29:14

Health: -3/64      AC:  3    Str: 22    XL:     13   Next: 65%
Magic:  14/14      EV: 32    Int:  9    God:    Trog [***...]
Gold:   730        SH:  0    Dex: 18    Spells: 12/12 levels left
                                        Lives:  0   Deaths: 4

rFire    + . .     SeeInvis +     - Unarmed
rCold    + . .     Gourm    .   (shield unavailable)
rNeg     . . .     Faith    .   (armour unavailable)
rPois    .         Spirit   .   (helmet unavailable)
rElec    .         Reflect  .   (cloak unavailable)
rCorr    .         Harm     .   (gloves unavailable)
MR       +++..                  (boots unavailable)
Stlth    +++++++++.             (no amulet)
HPRegen  1.20/turn              o - ring of protection from fire
MPRegen  0.14/turn              f - ring of stealth

@: mighty, berserk cooldown, regenerating, slowed, slow
A: very small, no armour, no weapons or thrown items, stealth, claws 1, fangs 3,
horns 1, see invisible, agile 1, carnivore, speed 1, shaggy fur 3, slow
metabolism 1, sharp paws
a: Berserk, Trog's Hand, Renounce Religion


You were on level 1 of the Spider Nest.
You worshipped Trog.
Trog was most pleased with you.
You were near starving.

You visited 4 branches of the dungeon, and saw 21 of its levels.

You collected 2173 gold pieces.
You spent 1443 gold pieces at shops.

Inventory:

Jewellery
 e - an uncursed amulet of harm
 f - a ring of stealth (right paw)
 k - an uncursed ring of ice
 l - an uncursed ring of see invisible
 n - an uncursed ring of resist corrosion {unknown}
 o - a ring of protection from fire (left paw)
 C - an uncursed ring of protection from magic
Wands
 h - a wand of disintegration (8)
 m - a wand of clouds (7)
 p - a wand of flame (78)
 v - a wand of digging (22)
 A - a wand of random effects (36)
 B - a wand of acid (5)
 E - a wand of paralysis (13)
 G - a wand of iceblast (12)
 H - a wand of enslavement (17)
 I - a wand of scattershot (3)
Scrolls
 b - 3 scrolls of immolation
 d - a scroll of random uselessness
 g - a scroll of vulnerability {unknown}
 i - 4 scrolls of enchant weapon
 j - 7 scrolls of remove curse
 s - 2 scrolls of enchant armour
 t - 6 scrolls of magic mapping
 x - a scroll of fog
 y - a scroll of identify
Potions
 c - 2 potions of ambrosia
 q - 3 potions of brilliance
 r - 4 potions of flight
 u - a potion of berserk rage {unknown}
 D - a potion of lignification
Miscellaneous
 F - a phantom mirror
Comestibles
 a - 14 rations


   Skills:
 + Level 12.3 Fighting
 + Level 15.7 Dodging
 * Level 19.4 Stealth
 * Level 15.0 Unarmed Combat


You had 12 spell levels left.
You didn't know any spells.
Your spell library was empty.

Dungeon Overview and Level Annotations

Branches:
Dungeon (15/15)            Temple (0/1) D:5            Lair (3/6) D:9
 Shoals (0/4) Lair:3       Spider (1/4) Lair:3          Orc (2/2) D:10
    Elf (0/3) Orc:2        Vaults (0/5) D:13         Depths (0/5) D:15

Altars:
Dithmenos
Elyvilon
Fedhas
Hepliaklqana
Kikubaaqudgha
Qazlal
Ru
Sif Muna
Trog
Uskayaw
Wu Jian
Xom
The Shining One
Beogh

Shops:
D:13 !   Orc:2 }:![

Portals:
Trove: D:11 (give 18 scrolls of identify)

Annotations:
D:3 exclusion: oklob plant
D:12 3 runed doors, Peloso's ghost, journeyman MiFi
Lair:3 2 transporters, highc0's ghost, journeyman HaWr


Innate Abilities, Weirdness & Mutations

You cannot wear armour.
You are incapable of wielding weapons or throwing items.
Your paws allow you to move quietly. (Stealth)
You have sharp claws.
You have razor-sharp teeth.
You have supernaturally acute eyesight. (SInv)
You are carnivorous and can eat meat at any time.
You cover ground quickly.
Your thick and shaggy fur keeps you warm. (AC +3, rC+)
You have a slow metabolism.
Your sharp claws are effective at attacking unaware monsters.
You have a pair of small horns on your head.
You are agile. (Dex +2)


Message History

Found 18 arrows.
You claw the wolf spider! Your claw misses the wolf spider.
You bite the wolf spider, but do no damage.
The wolf spider is almost dead.
You feel less confused. The wolf spider misses you.
The wolf spider completely misses you. The wolf spider hits you!!
* * * LOW HITPOINT WARNING * * *
The wolf spider completely misses you.
An orb spider comes into view.
A jumping spider comes into view.
A tarantella comes into view.
A wolf spider comes into view.
The wolf spider completely misses you. The wolf spider misses you.
The wolf spider hisses angrily.
The jumping spider hisses angrily.
Okay, then.
You feel very mighty all of a sudden. The wolf spider misses you.
The wolf spider closely misses you.
The jumping spider leaps! x2
A wolf spider comes into view.
The wolf spider completely misses you. x2; The jumping spider pounces on you!
You die...

...#.........# .
....#...#.#.#.
#.##..#..#.s#.#.
....>.....#.s.. #
#...#.#.....s#...
#......#.......#.
##...s§s#..##.#.
##...sss@#.......
#...^..§#ss.#....#
#...#..§sy#s.^#...
...#...>#.#.#.s# .
#..#s..#...#s.s
....?.#...<.#.#ss
.#./#..#.....# ^ .
...#..#.#.....#(
#.......##.#


You could see 5 wolf spiders, a moth of wrath, 3 orb spiders, 5 jumping spiders,
4 tarantellas and a redback.

Vanquished Creatures
  Rupert (D:15)
  Gastronok (Lair:2)
  Kirke (D:14)
  Azrael (D:14)
  Snorg (D:12)
  Josephine (D:11)
  A fire dragon (D:15)
  2 hydras
  A catoblepas (D:14)
  Fannar (Lair:1)
  3 centaur warriors
  5 two-headed ogres
  A tengu warrior (D:15)
  Urug (Lair:2)
  Sonja (Orc:1)
  2 skeletal warriors (D:14)
  A glowing orange brain (D:15)
  An obsidian statue (D:14)
  5 unseen horrors
  2 wizards
  An orc knight (Orc:2)
  A necromancer (D:13)
  2 orb spiders
  4 deep elf magi
  A cyclops (shapeshifter) (D:15)
  2 cyclopes
  5 ugly things
  2 manticores
  12 slime creatures
  A black mamba (shapeshifter) (D:15)
  Psyche (D:12)
  5 gargoyles
  A black mamba (Lair:3)
  4 spiny frogs
  A komodo dragon (D:14)
  3 kobold demonologists
  2 rime drakes (D:14)
  2 efreet
  A tengu conjurer (D:15)
  3 trolls
  A meliai (shapeshifter) (D:15)
  A hornet (D:12)
  10 blink frogs
  17 hippogriffs
  2 wraiths (D:11)
  2 tarantellas (Spider:1)
  A shadow (D:9)
  11 humans
  A spriggan (shapeshifter) (D:13)
  4 basilisks
  4 hogs
  21 yaks
  7 wyverns
  Edmund (D:6)
  2 hungry ghosts
  A fire elemental (D:14)
  10 vampire mosquitoes
  3 wargs
  3 acid dragons
  4 water moccasins
  8 hell hounds (D:14)
  A porcupine (Lair:1)
  2 phantoms
  9 orc warriors
  A sky beast (D:10)
  A necrophage (D:6)
  6 ice beasts
  2 hornet zombies
  6 ogres
  16 centaurs
  4 crocodiles
  3 big kobolds
  10 bullfrogs
  A wyvern skeleton (D:8)
  3 scorpions
  8 wights
  14 killer bees
  3 electric eels
  3 howler monkeys
  9 crimson imps
  3 centaur zombies
  3 bullfrog zombies
  A quasit (D:13)
  16 orc priests
  4 hounds
  2 jellies (D:5)
  13 orc wizards
  4 bullfrog skeletons
  5 centaur skeletons
  Natasha (thrice) (D:4)
  2 iguanas
  12 worker ants
  A hound zombie (D:5)
  3 hound skeletons
  Robin (D:2)
  A worker ant zombie (D:11)
  10 gnolls
  2 howler monkey skeletons (D:7)
  12 adders
  3 shadow imps
  3 adder skeletons
  An adder zombie (D:9)
  7 worms
  A dart slug (D:3)
  8 leopard geckos
  31 orcs
  4 ball pythons
  6 giant cockroaches
  9 goblins
  11 hobgoblins
  2 jackals (D:1)
  5 quokkas
  A ball python skeleton (D:5)
  7 bats
  7 frilled lizards
  18 kobolds
  10 rats
535 creatures vanquished.

Vanquished Creatures (collateral kills)
  3 vault guards (D:13)
  2 centaur warriors
  A hydra (D:15)
  6 orc high priests (Orc:2)
  3 skeletal warriors (D:14)
  A wizard (D:13)
  A wolf spider zombie (D:11)
  8 orc knights (Orc:2)
  A necromancer (D:13)
  An orc sorcerer (Orc:2)
  3 ugly things (D:14)
  A rime drake (Lair:1)
  A kobold demonologist (D:11)
  A komodo dragon (D:11)
  A hippogriff (D:14)
  3 wraiths (D:11)
  A wyvern (D:13)
  6 humans (D:13)
  2 vampire mosquitoes (D:14)
  2 wargs (Orc:2)
  A swamp worm (shapeshifter) (D:15)
  A floating eye (shapeshifter) (D:15)
  21 orc warriors (Orc:2)
  A necrophage (D:12)
  4 centaurs (D:15)
  A big kobold (D:11)
  2 bullfrogs
  A killer bee (D:13)
  A howler monkey (D:12)
  A crimson imp (D:11)
  A jelly (D:11)
  12 orc priests
  4 orc wizards
  A shadow imp (D:14)
  23 orcs
  9 kobolds (D:11)
  A quokka (D:12)
133 creatures vanquished.

Vanquished Creatures (others)
  A human (D:14)
  2 killer bees
  A butterfly (Lair:2)
  2 fungi
  A plant (Lair:3)
  13 toadstools (D:3)
20 creatures vanquished.

Grand Total: 688 creatures vanquished

Notes
Turn   | Place    | Note
-------+----------+-------------------------------------------
     0 | D:1      | SpaceYeku the Felid Berserker began the quest for the Orb.
     0 | D:1      | Reached XP level 1. HP: 10/10 MP: 2/2
   206 | D:1      | Reached XP level 2. HP: 14/14 MP: 3/3
   223 | D:1      | Reached skill level 1 in Stealth
  1092 | D:2      | Reached XP level 3. HP: 11/17 MP: 4/4
  1294 | D:2      | Found a blossoming altar of Fedhas.
  1300 | D:2      | Reached ** piety under Trog
  1308 | D:2      | Reached skill level 2 in Stealth
  2002 | D:2      | Found an ornate altar of the Wu Jian Council.
  2005 | D:2      | Reached XP level 4. HP: 17/21 MP: 5/5
  2176 | D:2      | Noticed Robin
  2189 | D:2      | Killed Robin
  2286 | D:2      | Reached skill level 5 in Dodging
  2666 | D:2      | Reached skill level 3 in Stealth
  2857 | D:3      | Reached XP level 5. HP: 23/25 MP: 6/6
  2990 | D:3      | Found an ancient bone altar of Kikubaaqudgha.
  3678 | D:3      | Found a white marble altar of Elyvilon.
  3811 | D:3      | Found a blossoming altar of Fedhas.
  3836 | D:3      | Noticed an oklob plant
  4354 | D:4      | Found a shadowy altar of Dithmenos.
  4462 | D:4      | Found a stormy altar of Qazlal.
  4521 | D:4      | Reached *** piety under Trog
  4551 | D:4      | Noticed Natasha
  4571 | D:4      | Killed Natasha
  4911 | D:4      | Noticed a phantom
  4958 | D:4      | Noticed Natasha
  4980 | D:4      | Killed Natasha
  4980 | D:4      | Reached skill level 4 in Stealth
  4980 | D:4      | Gained mutation: You are covered in thick fur. (AC +2)
                  | [Felid growth]
  4980 | D:4      | Reached XP level 6. HP: 28/28 MP: 7/7
  5053 | D:4      | Noticed Natasha
  5065 | D:4      | Killed Natasha
  5198 | D:4      | Found a deep blue altar of Sif Muna.
  5452 | D:5      | Entered Level 5 of the Dungeon
  5526 | D:5      | Reached XP level 7. HP: 33/33 MP: 8/8
  5628 | D:5      | Noticed a hand axe
  5628 | D:5      | Noticed a dagger
  5629 | D:5      | Found a hide-covered altar of Uskayaw.
  5653 | D:5      | Reached skill level 5 in Stealth
  5810 | D:5      | Found a hazy altar of Hepliaklqana.
  5850 | D:5      | Reached skill level 5 in Fighting
  5850 | D:5      | Reached skill level 5 in Unarmed Combat
  6133 | D:5      | Shot with an arrow by a centaur
  6134 | D:5      | Reached XP level 6. HP: -2/30 MP: 7/7
  6134 | D:5      | Found a staircase to the Ecumenical Temple.
  6363 | D:5      | Reached skill level 6 in Stealth
  6363 | D:5      | Reached XP level 7. HP: 33/33 MP: 8/8
  6839 | D:6      | Reached skill level 7 in Stealth
  6839 | D:6      | Reached XP level 8. HP: 37/38 MP: 9/9
  6962 | D:6      | Reached **** piety under Trog
  7060 | D:6      | Noticed Edmund
  7076 | D:6      | HP: 1/57 [Edmund/flail of crushing (4)]
  7077 | D:6      | Killed Edmund
  7498 | D:6      | Reached skill level 8 in Stealth
  7835 | D:7      | Found a bloodstained altar of Trog.
  8306 | D:7      | Reached XP level 9. HP: 42/42 MP: 10/10
  8336 | D:7      | Found a shimmering altar of Xom.
  8669 | D:7      | Reached skill level 9 in Stealth
  8682 | D:7      | HP: 1/43 [hog (3)]
  8687 | D:7      | Slain by a hog
  8688 | D:7      | Reached XP level 8. HP: -4/40 MP: 9/9
  9008 | D:8      | Reached skill level 10 in Dodging
  9351 | D:8      | Reached XP level 9. HP: 44/44 MP: 10/10
  9457 | D:8      | Found a sacrificial altar of Ru.
  9696 | D:9      | Gained mutation: You have a pair of small horns on your
                  | head. [potion of mutation]
  9696 | D:9      | Gained mutation: You are agile. (Dex +2) [potion of
                  | mutation]
  9812 | D:9      | Found a staircase to the Lair.
  9887 | D:9      | Reached ***** piety under Trog
  9890 | D:9      | Noticed a two-headed ogre
  9907 | D:9      | Killed a two-headed ogre
 10332 | D:9      | Noticed a two-headed ogre
 10352 | D:9      | Killed a two-headed ogre
 10352 | D:9      | Reached skill level 10 in Stealth
 10352 | D:9      | Reached XP level 10. HP: 35/49 MP: 11/11
 10804 | D:9      | Found a glowing golden altar of the Shining One.
 10835 | D:9      | Found a glowing golden altar of the Shining One.
 10929 | Lair:1   | Entered Level 1 of the Lair of Beasts
 10929 | Lair:1   | Noticed Fannar
 10939 | Lair:1   | Killed Fannar
 11013 | Lair:1   | Noticed a spiny frog
 11022 | Lair:1   | Killed a spiny frog
 11022 | Lair:1   | Reached skill level 11 in Stealth
 11049 | Lair:1   | Noticed a four-headed hydra
 11060 | Lair:1   | Killed a four-headed hydra
 11820 | Lair:1   | Noticed a spiny frog
 11827 | Lair:1   | Killed a spiny frog
 11953 | Lair:1   | Reached skill level 12 in Stealth
 11953 | Lair:1   | Reached XP level 11. HP: 53/53 MP: 12/12
 12457 | Lair:2   | Noticed Urug
 12465 | Lair:2   | Killed Urug
 12465 | Lair:2   | Reached skill level 10 in Unarmed Combat
 14356 | Lair:2   | Noticed Gastronok
 14375 | Lair:2   | Killed Gastronok
 14375 | Lair:2   | Reached skill level 13 in Stealth
 14920 | Lair:3   | Found a hole to the Spider Nest.
 14920 | Lair:3   | Noticed an orb spider
 14933 | Lair:3   | Killed an orb spider
 14983 | Lair:3   | Reached skill level 14 in Stealth
 14983 | Lair:3   | Gained mutation: Your thick and shaggy fur keeps you warm.
                  | (AC +3, rC+) [Felid growth]
 14983 | Lair:3   | Reached XP level 12. HP: 58/58 MP: 13/13
 15057 | Lair:3   | Found a staircase to the Shoals.
 15355 | Lair:3   | Found a transporter.
 15357 | Lair:3   | Noticed an eight-headed hydra
 15364 | Lair:3   | Noticed highc0's ghost (journeyman HaWr)
 15367 | Lair:3   | Found a transporter.
 15768 | D:10     | Entered Level 10 of the Dungeon
 15772 | D:10     | Found a staircase to the Orcish Mines.
 15843 | D:10     | Reached skill level 10 in Fighting
 16682 | D:11     | Noticed a two-headed ogre
 16685 | D:11     | Killed a two-headed ogre
 17178 | D:11     | Noticed Josephine
 17182 | D:11     | Killed Josephine
 17182 | D:11     | Reached skill level 15 in Stealth
 17495 | D:11     | Found a portal to a secret trove of treasure.
 17843 | D:12     | Noticed a minotaur
 17849 | D:12     | Noticed Peloso's ghost (journeyman MiFi)
 17852 | D:12     | Noticed Snorg
 17895 | D:12     | Killed Snorg
 18134 | D:12     | Found a runed gate.
 18134 | D:12     | Found a runed gate.
 18134 | D:12     | Found a runed gate.
 18485 | D:12     | Noticed a two-headed ogre
 18492 | D:12     | Killed a two-headed ogre
 18608 | D:12     | Reached XP level 13. HP: 62/62 MP: 14/14
 18955 | D:12     | Noticed Psyche
 18962 | D:12     | Killed Psyche
 19108 | D:13     | Reached skill level 16 in Stealth
 19216 | D:13     | Found a white marble altar of Elyvilon.
 19302 | D:13     | Found Pucaod's Distillery.
 19311 | D:13     | Bought a potion of lignification for 45 gold pieces
 19541 | D:13     | Paralysed by a wizard for 3 turns
 19544 | D:13     | HP: 1/63 [wizard/orb of energy (27)]
 20001 | D:13     | Found a gate to the Vaults.
 20555 | D:13     | Reached skill level 17 in Stealth
 20748 | Orc:1    | Entered Level 1 of the Orcish Mines
 20921 | Orc:1    | Found a roughly hewn altar of Beogh.
 20937 | Orc:1    | Noticed Sonja
 20944 | Orc:1    | Killed Sonja
 21069 | Orc:2    | Entered Level 2 of the Orcish Mines
 21112 | Orc:2    | Mangled by an orange demon
 21113 | Orc:2    | Reached XP level 12. HP: -7/60 MP: 13/13
 21121 | Orc:2    | Killed an orc high priest
 21822 | Orc:2    | Found a staircase to the Elven Halls.
 21915 | Orc:2    | Noticed an orc high priest
 21921 | Orc:2    | Killed an orc high priest
 21944 | Orc:2    | Noticed an orc high priest
 21945 | Orc:2    | Noticed an orc high priest
 21949 | Orc:2    | Noticed an orc high priest
 21954 | Orc:2    | Reached XP level 13. HP: 41/63 MP: 14/14
 22289 | Orc:2    | Found Rimn's Book Boutique.
 22289 | Orc:2    | Found Mefrialu's Gadget Boutique.
 22290 | Orc:2    | Found Impu Ifo's Antique Armour Boutique.
 22290 | Orc:2    | Found Rovate's Distillery.
 22301 | Orc:2    | Bought a potion of heal wounds for 60 gold pieces
 22301 | Orc:2    | Bought a potion of heal wounds for 60 gold pieces
 22301 | Orc:2    | Bought a potion of curing for 36 gold pieces
 22311 | Orc:2    | Bought a phantom mirror for 540 gold pieces
 22311 | Orc:2    | Bought a wand of iceblast (14) for 324 gold pieces
 22311 | Orc:2    | Bought a wand of enslavement (19) for 378 gold pieces
 22947 | D:14     | Reached skill level 18 in Stealth
 22980 | D:15     | Entered Level 15 of the Dungeon
 23430 | D:14     | Reached skill level 15 in Dodging
 24056 | D:14     | Noticed Azrael
 24083 | D:14     | Noticed Kirke
 24098 | D:14     | Killed Kirke
 24909 | D:14     | Killed Azrael
 25622 | D:14     | Reached XP level 14. HP: 68/68 MP: 15/15
 26499 | D:15     | Reached skill level 19 in Stealth
 26545 | D:15     | HP: 3/69 [centaur warrior (14)]
 26546 | D:15     | Mangled by a centaur warrior
 26547 | D:15     | Reached XP level 13. HP: -6/64 MP: 14/14
 26894 | D:15     | Found a staircase to the Depths.
 26919 | D:15     | Noticed Rupert
 26930 | D:15     | Killed Rupert
 27125 | D:15     | Reached skill level 15 in Unarmed Combat
 27697 | Spider:1 | Entered Level 1 of the Spider Nest
 27720 | Spider:1 | Slain by a jumping spider

Skill      XL: |  1  2  3  4  5  6  7  8  9 10 11 12 13 14 |
---------------+-------------------------------------------+-----
Stealth        | 1 2 3 4 6 7 8 10 12 14 15 18 19 | 19.4
Dodging        | 5 7 10 11 12 13 15 | 15.7
Fighting       | 4 6 8 9 10 11 12 | 12.3
Unarmed Combat | 4 6 8 9 11 12 15 | 15.0

Action                   |  1- 3 |  4- 6 |  7- 9 | 10-12 | 13-15 || total
-------------------------+-------+-------+-------+-------+-------++-------
Melee: Unarmed           |    96 |   170 |   313 |   422 |   603 ||  1604
       Bite              |    11 |    18 |    38 |    59 |    93 ||   219
       Punch             |       |     3 |     9 |    30 |    61 ||   103
       Headbutt          |       |       |    10 |   103 |   150 ||   263
Invok: Berserk           |     3 |     8 |    17 |    31 |    31 ||    90
       Trog's Hand       |       |     4 |     2 |     7 |     8 ||    21
       Brothers in Arms  |       |       |       |    13 |    20 ||    33
Evoke: Wand              |       |       |       |    11 |     5 ||    16
  Use: Scroll            |       |     4 |     3 |     8 |     4 ||    19
       Potion            |       |       |    13 |     9 |     9 ||    31
 Stab: Sleeping          |     7 |    14 |    28 |    31 |    20 ||   100
       Distracted        |       |     1 |     1 |       |     5 ||     7
       Invisible         |       |       |       |     2 |       ||     2
  Eat: Chunk             |    11 |     9 |    20 |    37 |    29 ||   106
       Ration            |       |     1 |     8 |     7 |    12 ||    28
Armor: Skin              |     2 |     3 |     8 |     8 |    19 ||    40
Dodge: Dodged            |    71 |   129 |   262 |   406 |   670 ||  1538
